[Event "CCT Chessable Masters Playoffs 2025"]
[Site "Online"]
[Date "2025.02.20"]
[Round "54"]
[White "Erigaisi Arjun"]
[Black "Nepomniachtchi, Ian"]
[Result "0-1"]
[Annotator "TA"]
[ECO "C89"]
[WhiteElo "2801"]
[BlackElo "2754"]
[PlyCount "120"]
[EventDate "2025.02.13"]
[EventType "k.o."]
[EventCountry "NET"]
[SourceTitle "playchess.com"]
[Source "ChessBase"]
[SourceQuality "1"]
[TimeControl "600"]

1. e4 e5 2. Nf3 Nc6 3. Bb5 a6 4. Ba4 Nf6 5. O-O Be7 6. Re1 b5 7. Bb3 O-O 8. c3 d5 9. exd5 Nxd5 10. Nxe5 Nxe5 11. Rxe5 c6 12. Re1 Bd6 13. d4 Qh4 14. g3 Qh3 15. Re4 g5 16. Qf1 {[%emt 0:00:01] C89: Closed Ruy Lopez: Marshall Attack.} (16. Bxg5 Qf5 17. Nd2 (17. Bxd5 $2 cxd5 18. Re3 Qxg5 $19) 17... Qxg5 $17) 16... Qh5 17. Nd2 Bh3 18. Qe2 {[%emt 0:00:40] White is slightly better.} Qg6 19. Nf3 f6 20. Bd2 Bf5 {[%emt 0:00:01] [#]} 21. Re6 $146 (21. Re3 Kh8 22. Bxd5 cxd5 23. h4 Bf4 24. Re7 Bg4 25. gxf4 Qh5 26. Kg2 gxh4 27. Re3 {½-½ Canibal,J (2328)-Leemans,R (2391) EU-ch 2020 sf12 email}) 21... Rae8 (21... Rfe8 22. Rxe8+) 22. Re3 (22. Nxg5 $2 Rxe6 23. Nxe6 Re8 $19) 22... Kg7 23. Bxd5 cxd5 24. a4 (24. Ne1 $11) 24... Bg4 (24... Qh5 $17 25. axb5 Rxe3 26. Qxe3 (26. Bxe3 Be4 $17) 26... axb5 (26... Re8 $2 27. Ne5 $19) 27. Ra7+ Kg8) 25. axb5 $11 Rxe3 26. fxe3 (26. Qxe3 $11 axb5 (26... Re8 27. Ne5 $11) 27. h3 Bxh3 28. Ne1) 26... Qe4 $15 (26... Qf5 27. Kf2 axb5 28. Ra5 Rb8) 27. Rf1 axb5 {[%emt 0:00:03] White is weak on the light squares} 28. Qf2 Bh3 (28... Kg6 $17 29. Qg2 Ra8) 29. Ra1 $11 Rf7 30. Be1 Re7 {[%emt 0:00:11][%cal Oh3g4][%mdl 1024] Black has compensation.} 31. Ra6 Re6 32. Bd2 Qb1+ 33. Be1 Qd3 (33... Bg4 $17 {...Bxf3 is the strong threat.} 34. Nd2 Qxb2) 34. Ra7+ (34. Bd2 $1 $15) 34... Kg6 $17 35. Bd2 Qb1+ 36. Be1 Qe4 {[%emt 0:00:25][%cal Oh3g4] Active counter play!} (36... Bg4 $5 37. Kg2 Bxf3+ 38. Kxf3 b4 $15) 37. Bd2 h6 (37... Qc2 38. Qe2 b4 39. Rb7 b3) 38. Ra1 Qc2 39. Be1 Qd3 40. Bd2 Bg4 41. Ne1 Qc4 42. Qf1 Be2 43. Qg2 (43. Qh3 {seems wilder.} Re4 44. Ra6 Bg4 45. Qf1) 43... Bg4 $1 44. Qf1 Qc7 45. Qxb5 Bf5 $2 (45... Bxg3 $1 $11 46. hxg3 Qxg3+ 47. Ng2 Bf3) 46. Qe2 $2 (46. Qxd5 $18 {Hoping for Ra5.} Qd7 47. b4) 46... Be4 47. Qf2 ({Better is} 47. Nd3 $14) 47... h5 $11 48. Ng2 (48. Qe2 $11) 48... Qc4 (48... h4 $1 $17 49. Qe2 hxg3) 49. h4 g4 (49... Qc8 $11) 50. Rf1 Bf3 51. Ra1 Qb3 52. Be1 Qb8 53. b4 Qb5 54. Qf1 Qb7 (54... Be2 $11 {remains equal.} 55. Qf2 Qd3) 55. Qa6 Qc7 {[%emt 0:00:04] [#]} 56. Nf4+ $2 {[%emt 0:00:02][%mdl 8192] White does not recover from this.} (56. Qa8 $1 $16 Re7 57. Qg8+ Rg7 58. Qe8+ Rf7 59. Nf4+ Bxf4 60. exf4) 56... Bxf4 $19 57. Qxe6 Bxg3 58. Qg8+ {[%emt 0:00:14] [#]} (58. Kf1 $142 Bh2 59. Qg8+ Kf5 60. e4+ Bxe4 61. Ra2) 58... Kf5 $1 {[%emt 0:00:02] ( -> ...Bh2+)} 59. Qe8 Bh2+ {[%emt 0:00:03] This pair of bishops is nice.} 60. Kf1 Qc4+ {[%emt 0:00:01] Weighted Error Value: White=0.52/Black=0.22 (precise)   Loses game:     	White=1     	Black=1      Missed win:     	White=1     	---        Mistake:       	White=6     	Black=6      Inaccurate:     	White=7     	Black=3      OK:         	White=12    	Black=19     Best:        	White=1     	Black=2      Strong:       	---       	Black=2} 0-1

[Event "CCT Chessable Masters Playoffs 2025"]
[Site "Online"]
[Date "2025.02.20"]
[Round "54"]
[White "Firouzja, Alireza"]
[Black "Duda, Jan-Krzysztof"]
[Result "0-1"]
[Annotator "TA"]
[ECO "C43"]
[WhiteElo "2760"]
[BlackElo "2739"]
[PlyCount "154"]
[EventDate "2025.02.13"]
[EventType "k.o."]
[EventCountry "NET"]
[SourceTitle "playchess.com"]
[Source "ChessBase"]
[SourceQuality "1"]
[TimeControl "600"]

1. e4 e5 2. Nf3 Nf6 3. d4 Nxe4 4. dxe5 d5 5. Nbd2 Nc5 6. Nd4 {[%emt 0:00:05] C43: Petroff Defence: 3 d4.} Be7 $146 (6... Nc6 7. N2f3 Bg4 8. Be2 Be7 9. Bf4 O-O 10. O-O Ne4 11. Re1 Bc5 12. Rc1 Bxf3 13. Nxc6 bxc6 {1-0 Czaeczine,L (1171)-Bako,E (971) GER-ch U10 Girls 2018 (9)}) 7. Be2 O-O 8. O-O {[%emt 0:00:04] The position is equal.} (8. c3 Ne6 9. N2f3 Nxd4 10. cxd4 c5 11. dxc5 Nc6 12. O-O) 8... Ne6 9. Nf5 Nf4 10. Bg4 Nc6 11. Nf3 Ng6 {[%emt 0:00:03] A sharp opening} 12. Re1 Be6 13. c3 Qd7 14. Qd3 (14. Nxe7+ {simplifies} Ngxe7 15. Bxe6 fxe6 16. Qd3) 14... a5 15. Bd2 Bc5 (15... h6 $11) 16. Ng5 $1 $14 Rfe8 (16... Ngxe5 17. Nh6+ gxh6 18. Qxh7#) (16... Ncxe5 $2 17. Rxe5 (17. Qh3 Bxf2+ 18. Kh1 h6 $16) 17... Rfe8 (17... Nxe5 18. Nh6+ gxh6 19. Qxh7#) 18. Qh3 $18) 17. Qh3 Nf8 18. Rad1 (18. Nxe6 $14 fxe6 19. Nd4) 18... Ne7 (18... h5 $1 $11 19. Nxe6 (19. Bxh5 $2 Bxf5 20. Qg3 Ng6 $19) 19... hxg4 (19... fxe6 20. Nh6+ gxh6 21. Bxh5 $11) 20. Nxc5 Qxf5) 19. Nxe6 fxe6 20. Nd4 Bxd4 21. cxd4 Nf5 22. Qd3 Ng6 23. g3 Rf8 24. h4 (24. a3 $16) 24... Nge7 25. h5 h6 26. a3 Nc6 27. Bc3 Qe7 28. f4 Rab8 29. Rf1 b5 30. Bxf5 Rxf5 31. g4 {[%emt 0:00:01] White has a king side majority} Rf7 {[%emt 0:00:00] [#]} 32. Be1 $1 {[%emt 0:00:03] Wards off Qh4} b4 {[%emt 0:00:18] [#]} 33. Rc1 (33. a4 $1 $16) 33... bxa3 $1 34. bxa3 (34. Rxc6 axb2 35. Bg3 (35. Bxa5 $2 Rxf4 36. Rxf4 b1=Q+ 37. Qxb1 Rxb1+ 38. Rf1 Rxf1+ 39. Kxf1 Qe8 $19) 35... a4 $11) 34... Rb6 35. Kg2 (35. a4 $14) 35... a4 $11 36. Rc3 Rb3 37. Rxb3 $14 axb3 38. Qc3 $1 $36 {[%emt 0:00:03][%mdl 2048] White is pushing.} Qxa3 39. Qxc6 b2 40. Qc2 (40. Qxe6 $2 b1=Q (40... b1=B 41. Bg3 $14) 41. Qxd5 Qe3 $19) 40... Qa2 41. Bf2 Rxf4 42. Kg3 (42. Rb1 $1 $14 Rxg4+ 43. Kf3) 42... Rf7 $2 (42... Re4 $11 43. Rg1 Qa3+ 44. Kh2 Qa2) 43. Rb1 $18 Qa3+ 44. Kh2 Qf3 45. Rxb2 {[%emt 0:00:01] aiming for Qg6.} Qxg4 $2 (45... Qf4+ 46. Kh3 Qf3+ 47. Kh2 Qf4+) 46. Rb8+ $2 (46. Qg6 Qf3 47. Rb8+ (47. Qxe6 Qxh5+ 48. Qh3 Qg6 $18) 47... Rf8 48. Qxe6+ Kh8 49. Rxf8+ Qxf8 50. Kg3) 46... Rf8 47. Rxf8+ (47. Qxc7 Qxh5+ 48. Kg1 Qd1+ (48... Qg4+ 49. Kh2 $11) 49. Kh2 Qh5+ 50. Kg1 Qd1+ 51. Kh2 Qh5+ $11) 47... Kxf8 48. Qg6 (48. Qxc7 Qxh5+ 49. Kg1 Qd1+ 50. Kg2 Qg4+ 51. Kf1 Qd1+ 52. Kg2 Qg4+ 53. Bg3 Qe2+ 54. Bf2 Qg4+ $11) 48... Qf3 49. Kg1 Qh3 50. Bg3 Kg8 51. Kf2 Kf8 52. Kf3 Qf1+ 53. Bf2 Qh3+ 54. Bg3 $2 (54. Kf4 $18) 54... Qf1+ $11 55. Bf2 Qa6 (55... Qh3+ $1 $11 56. Ke2 c6) 56. Kg2 $18 Qc6 57. Qg4 Qe8 58. Qf3+ Kg8 59. Qg4 $2 (59. Qh3 $18) 59... Qf7 $2 (59... Kf8 $1 $11) 60. Bh4 Kh7 61. Kg3 Qe8 62. Qf3 (62. Kh2 $18 {and White stays clearly on top.}) 62... Kg8 (62... Qb5 $16) 63. Qd3 $2 (63. Qd1 $18) 63... Qa4 $2 (63... Qxh5 $11 64. Bd8 Qf7) 64. Qg6 Qb3+ 65. Kh2 Qb2+ 66. Kh3 Qc3+ 67. Bg3 Qc6 68. Bh4 $2 (68. Bf4 $18) 68... Kf8 $2 (68... Qc3+ $11 {and Black is okay.} 69. Kg2 Qb2+ 70. Bf2 Qb6) 69. Bf6 $2 Qd7 $2 (69... Qc3+ $11 70. Kg4 Qxd4+ 71. Kh3 Qc3+ (71... gxf6 72. Qxh6+ Ke8 73. Qg6+ Kd7 74. Qf7+ Kc8 75. Qxe6+ Kb8 76. exf6 $16) 72. Kg2 Qd2+ (72... gxf6 73. Qxh6+ Ke8 74. Qg6+ Kd8 75. Qxf6+ Kd7 76. Qf7+ Kd8 77. Qxe6 $14) 73. Kh3 Qe3+ (73... gxf6 74. exf6 Qe3+ 75. Kh2 $11) 74. Kg2 gxf6 75. Qxf6+ Ke8 76. Qxe6+ Kd8) 70. Bh4 $2 (70. Qh7 Qf7 71. Qh8+ Qg8 72. Bxg7+ Kf7 73. Qxg8+ Kxg8 74. Bxh6 Kh7 75. Be3) 70... Qc6 $1 71. Qg4 Qe8 (71... Qc1 $16) 72. Bg3 Kg8 73. Qf4 $2 ({White should play} 73. Bf2 $18) 73... Qxh5+ $11 74. Qh4 Qf5+ 75. Qg4 Qf1+ 76. Kh4 $2 (76. Kh2 $11 Qf7 77. Be1) 76... Qf7 $2 (76... Qh1+ {mates} 77. Bh2 Qxh2+ 78. Qh3 g5+ 79. Kg4 Qf4+ (79... h5+ {is a self mate.} 80. Kf3 Qxh3+ 81. Ke2 Qc3 82. Kd1 g4 83. Ke2 g3 84. Kd1 Qb2 85. Ke1 g2 86. Kd1 g1=Q#) 80. Kh5 Kg7 (80... Qxd4 81. Qxe6+ Kf8 82. Qxh6+ Kf7 83. Qf6+ Kg8 84. Qd8+ Kf7 85. Qd7+ Kf8 86. Qd8+ Kf7 87. Qf6+ Kg8 88. Qxg5+ Kf7 89. Qf6+ Ke8 90. Qh8+ Ke7 91. Qg7+ Ke8 92. Qh8+ Ke7 93. Qg7+ Ke8 94. Qh8+ $11) (80... Qf7+ 81. Kg4 Qf4+ 82. Kh5 Kg7 83. Qg3 Qf7+ 84. Kg4 Qf5+ 85. Kh5 g4+ 86. Kh4 Qg5#) 81. Qg3 Qf7+ (81... Qxd4 82. Qe1 c5 83. Qh1 c4 84. Qe1 c3 85. Qh1 c2 86. Qe4 Qd1+ 87. Qg4 Qh1+ 88. Qh4 Qxh4#) 82. Kg4 Qf5+ 83. Kh5 g4+ 84. Kh4 Qg5#) 77. Qh5 $2 (77. Kh3 $11) 77... g5+ {[%emt 0:00:01] Weighted Error Value: White=0.25 (precise) /Black=0.42  Loses game:     	White=2     	Black=7      Missed win:     	White=6     	Black=1      Mistake:       	White=8     	Black=6      Inaccurate:     	White=4     	Black=8      OK:         	White=19    	Black=14     Best:        	White=9     	Black=8      Strong:       	White=3     	Black=2} 0-1

[Event "CCT Chessable Masters Playoffs 2025"]
[Site "Online"]
[Date "2025.02.20"]
[Round "54"]
[White "Nepomniachtchi, Ian"]
[Black "Erigaisi Arjun"]
[Result "1-0"]
[Annotator "TA"]
[ECO "C01"]
[WhiteElo "2754"]
[BlackElo "2801"]
[PlyCount "113"]
[EventDate "2025.02.13"]
[EventType "k.o."]
[EventCountry "NET"]
[SourceTitle "playchess.com"]
[Source "ChessBase"]
[SourceQuality "1"]
[TimeControl "600"]

1. e4 e6 2. d4 d5 3. exd5 exd5 4. Nf3 Nf6 5. Bd3 c5 6. O-O c4 7. Re1+ Be7 8. Bf1 O-O {[%emt 0:00:01] C01: French: Exchange Variation.} 9. b3 cxb3 10. axb3 Nc6 {[%emt 0:00:00] The position is equal.} 11. h3 Bf5 12. Bd3 $5 {[%emt 0:00:11][%mdl 4] Leaves trodden paths.} Ne4 13. c3 Bd6 $146 ({Predecessor:} 13... Re8 14. Bb2 a6 15. Re3 Rc8 16. Nbd2 Bf6 17. Qe2 Nxd2 18. Bxf5 Rxe3 19. Qxe3 Nxf3+ 20. Qxf3 {1-0 Lenderman,A (2570)-Winterberg,L (2402) Titled Tuesday intern op 13th Dec Early blitz 2022 (1)}) 14. Be3 {[%emt 0:00:23] A sharp opening} ({White should play} 14. Ng5 $11) 14... Re8 15. b4 (15. Ng5 $5) 15... Re6 (15... h6 $15) 16. b5 (16. Ng5 $5) 16... Na5 (16... Ne7 {simplifies} 17. c4 Bb4 18. Re2 a5) 17. Ng5 Rg6 (17... Re7 $14) 18. Bxe4 $1 $16 dxe4 (18... Bxe4 $16 19. Qh5 h6 20. Nxe4 dxe4) 19. Qh5 $1 $18 (19. Nd2 $2 Rxg5 20. Bxg5 Qxg5 $17) 19... Rf6 (19... h6 $2 20. Nxf7 Kxf7 21. Qxf5+ Rf6 22. Qh5+ (22. Qxe4 Bc7 $18) 22... Kg8 23. Nd2 $18) 20. Nd2 Bg6 21. Qg4 Bc7 22. Ndxe4 Rb6 (22... Rf5 $16) 23. Rxa5 f5 24. Qe2 fxe4 25. Qc4+ Kh8 26. Rea1 h6 {[%emt 0:00:33] [#]} 27. Ne6 (27. Rxa7 Rxa7 28. Rxa7 hxg5 $11) 27... Rxe6 28. Qxe6 Bxa5 29. Qxg6 {[%emt 0:00:02] White has more active pieces.} Bxc3 30. Rd1 $36 {[%emt 0:00:43][%mdl 2048] Black is under strong pressure.} Qe8 {[%emt 0:00:52] Inhibits Qf7.} 31. Qxe8+ Rxe8 $16 {[%emt 0:00:00][%mdl 4096] Endgame KRB-KRB} 32. d5 b6 (32... Kg8 $14) 33. d6 $18 Rd8 {[%emt 0:00:07] [#]} 34. Bf4 $1 Rd7 35. Rc1 Bb4 (35... Bf6 {is a better defense.} 36. Rc7 Rd8 37. Rxa7 Kg8) 36. Rc7 Rd8 37. d7 (37. Rxa7 Bxd6 38. Bxd6 Rxd6 $16) 37... Kh7 38. Rxa7 Bc5 39. Be3 Bxe3 40. fxe3 {[%emt 0:00:00] KR-KR. White is a pawn up.} Kg6 41. Rb7 Kf5 42. Kf2 ({Not} 42. Rxb6 Rxd7 43. Rc6 Rb7 $14) 42... Ke6 43. Rxb6+ Kxd7 44. Rg6 Rf8+ 45. Kg3 Rf7 46. b6 Kc8 47. Rc6+ Kb8 {[%emt 0:00:11] [#]} 48. Rc7 $1 Rf6 49. Rxg7 Rxb6 50. Kf4 Re6 $2 (50... h5 51. Kxe4 (51. Rg5 h4 $18) 51... Kc8) 51. g4 Kc8 52. h4 Kd8 53. h5 {[%emt 0:00:01] Rg6 would now be deadly.} Ke8 54. Rg6 Rxg6 55. hxg6 {[%emt 0:00:00] White mates.} Ke7 56. Ke5 Kf8 57. Kxe4 {[%emt 0:00:01] Weighted Error Value: White=0.08 (flawless) /Black=0.61  Mistake:       	White=1     	Black=7      Inaccurate:     	White=2     	Black=3      OK:         	White=14    	Black=16     Best:        	White=8     	Black=6      Strong:       	White=3     	---} 1-0

[Event "CCT Chessable Masters Playoffs 2025"]
[Site "Online"]
[Date "2025.02.20"]
[Round "54"]
[White "Duda, Jan-Krzysztof"]
[Black "Firouzja, Alireza"]
[Result "1-0"]
[Annotator "TA"]
[ECO "A80"]
[WhiteElo "2739"]
[BlackElo "2760"]
[PlyCount "145"]
[EventDate "2025.02.13"]
[EventType "k.o."]
[EventCountry "NET"]
[SourceTitle "playchess.com"]
[Source "ChessBase"]
[SourceQuality "1"]
[TimeControl "600"]

1. d4 {[%emt 0:00:00] ChessBase II} f5 2. Nf3 Nf6 3. Bf4 g6 4. e3 Bg7 5. h3 O-O 6. Be2 {[%emt 0:00:01] A80: Dutch Defence: Unusual White second moves.} e6 7. c4 d6 8. Nc3 {[%emt 0:00:01] The position is equal.} Qe7 9. O-O Nc6 10. Bh2 h6 11. Rc1 Kh7 12. a3 $146 ({Predecessor:} 12. c5 d5 13. a3 a6 14. b4 Ne4 15. Qb3 g5 16. Nxe4 dxe4 17. Nd2 e5 18. d5 {1-0 Matlakov,M (2694)-Picard,R (2368) FRA-chT Top 12 2015 (8.4)}) 12... a5 (12... e5 $14) 13. Nb5 e5 14. c5 Rd8 15. Qc2 a4 (15... Ne4 $14) 16. Rfd1 $16 e4 (16... Be6 $142) 17. Nd2 Be6 18. cxd6 cxd6 19. Nc4 $1 {[%emt 0:00:00] Repels Ra5} Bxc4 20. Qxc4 d5 21. Qc5 Qd7 (21... Qxc5 $16 22. Rxc5 (22. dxc5 Ne8 $14) 22... Bf8) 22. Qb6 Ne8 (22... Ra6 23. Qc7 g5) 23. Nc7 $1 $18 Nxc7 24. Qxc7 (24. Bxc7 Rdc8 25. Bf4 (25. Qxb7 Qxc7 26. Qxc7 Rxc7 $19) 25... g5 $17) (24. Qxb7 $1 $18 Na5 (24... Nxd4 $2 25. Rxc7 Nxe2+ 26. Kf1 $18) 25. Qxc7) 24... Qxc7 $16 25. Bxc7 Rd7 26. Bh2 Ra5 {[%emt 0:00:08] Prevents Bb5.} 27. g4 Bf8 28. Rc3 Kg7 29. Rb1 Bd6 30. Bxd6 Rxd6 31. b4 axb3 32. Rbxb3 Ra7 33. Rb6 Rf6 (33... f4 $14) 34. Bb5 (34. Rb5 $16) 34... Ne7 35. Rxf6 Kxf6 $14 {[%emt 0:00:00][%mdl 4096] Endgame KRB-KRN} 36. a4 h5 37. gxh5 gxh5 38. f4 exf3 39. Kf2 b6 (39... f4 $1 $11) 40. Kxf3 Kg5 {[%emt 0:00:01] [#]} (40... h4 $1 $14) 41. Rc1 (41. h4+ $1 $16 Kf6 (41... Kxh4 42. Kf4 $16) 42. Rc1) 41... Ng6 ({Better is} 41... h4 $1 $14) 42. Rc6 (42. Rc8 $16) 42... Rb7 $2 (42... Nh4+ $1 $11 43. Kf2 f4) 43. Rd6 $18 Rc7 44. Rxd5 (44. Rxb6 Rc2 45. Be2 Nh4+ 46. Kf2 f4 47. exf4+ Kxf4 $11) 44... Nh4+ 45. Kf2 (45. Ke2 $18) 45... Rc2+ $16 46. Be2 Ra2 47. Rb5 Ng6 48. Rxb6 Rxa4 49. Rb2 {[%emt 0:00:06] White is more active.} Ra3 50. Rb5 Ne7 51. Re5 Ng6 52. Rb5 Ne7 $1 53. Re5 (53. Bc4 $16) 53... Nc8 $2 {[%emt 0:00:00][%mdl 8192] [#]} (53... Ng6 $11) 54. Rd5 $2 (54. h4+ $1 $18 {is the precise move to win.} Kf6 55. Bxh5) 54... Kf6 $2 (54... Ne7 $16 55. Re5) 55. Bxh5 $18 Ke6 56. Re5+ Kf6 57. Rd5 $2 ({White should try} 57. h4 $18) 57... Ra6 $2 (57... Ke6 $1 $11 58. Bf3 Nd6 59. Re5+ Kf6) 58. Be2 Rb6 59. Bd3 Ne7 60. Rb5 Rc6 61. Rc5 Rd6 62. Kf3 Rd8 63. Ra5 Rh8 64. Kg3 Rg8+ 65. Kf3 Rh8 $1 66. Kg3 $2 (66. Kf4 $18 Rh5 67. Ra6+ Kg7 68. Re6 Nd5+ 69. Kg3) 66... Rc8 $2 (66... Rg8+ $1 $11 67. Kf3 Rh8) 67. Kf3 $2 (67. Ra6+ $18 Kg7 68. Ra3) 67... Rc3 $2 (67... Rh8 $11 {and Black has nothing to worry.}) 68. Ke2 Rc1 69. h4 Rh1 70. Ra6+ Kf7 (70... Kg7 {might work better.} 71. Re6 Kf7) 71. Bc4+ Ke8 $2 (71... Kg7 72. d5 Rxh4) 72. Ra8+ Kd7 73. Ra7+ {[%emt 0:00:00] Weighted Error Value: White=0.29 (precise) /Black=0.39  Loses game:     	---       	Black=6      Missed win:     	White=4     	---        Mistake:       	White=6     	Black=11     Inaccurate:     	White=5     	---        OK:         	White=27    	Black=20     Best:        	White=2     	Black=6      Strong:       	White=1     	Black=2} 1-0

[Event "CCT Chessable Masters Playoffs 2025"]
[Site "Online"]
[Date "2025.02.20"]
[Round "55"]
[White "Nepomniachtchi, Ian"]
[Black "Duda, Jan-Krzysztof"]
[Result "1/2-1/2"]
[Annotator "TA"]
[ECO "C50"]
[WhiteElo "2754"]
[BlackElo "2739"]
[PlyCount "163"]
[EventDate "2025.02.13"]
[EventType "k.o."]
[EventCountry "NET"]
[SourceTitle "playchess.com"]
[Source "ChessBase"]
[SourceQuality "1"]
[TimeControl "600"]

1. e4 e5 2. Nf3 Nc6 3. Bc4 Bc5 4. d3 Nf6 5. Nc3 d6 6. Na4 Bb6 {[%emt 0:00:01] C50: Hungarian Defence and Giuoco Pianissimo.} 7. a3 h6 8. O-O O-O 9. h3 Ne7 10. b4 Ng6 11. Re1 Re8 12. Bb3 Be6 13. c4 $146 (13. Bxe6 Rxe6 14. c4 c6 15. Nxb6 axb6 16. a4 d5 17. Qb3 d4 18. c5 b5 19. Bd2 bxa4 20. Rxa4 {0-1 Nepomniachtchi,I (2755)-So,W (2747) Wch Blitz Final 2024 (2.1)}) 13... c6 14. Nxb6 axb6 15. d4 c5 (15... exd4 $11 16. Nxd4 Bd7) 16. dxe5 (16. d5 $14 Bd7 17. bxc5) 16... Nxe5 17. Nxe5 dxe5 18. Qc2 cxb4 19. Bb2 (19. Ba4 $11) 19... bxa3 $17 20. Bxe5 Nd7 21. Bc3 ({White should try} 21. Bd6) 21... Nc5 22. Re3 (22. Ba2 $142) 22... b5 $1 $19 23. Rg3 {[%emt 0:00:08] [#]} f6 $2 (23... Bxc4 $2 24. Rxg7+ (24. Bxg7 Nxe4 25. Bf6+ Nxg3 $16) 24... Kf8 25. Bxc4 bxc4 26. Qe2 $16) (23... g6 $1 $19 24. Ba2 Bxc4 (24... bxc4 $2 25. Qe2 $19) 25. Bxc4 bxc4) 24. Bb4 (24. Rd1 $17 Qe7 25. Bb4) 24... bxc4 (24... Nxb3 $19 25. Rxb3 a2 (25... Bxc4 26. Rbxa3 Rxa3 27. Rxa3 $17) (25... bxc4 26. Rbxa3 Rxa3 27. Rxa3 $17)) 25. Bxc4 $17 Qd4 26. Bxe6+ (26. Qc3 $17 Qxc3 (26... Qxc4 27. Qxf6 $11) 27. Rxc3) 26... Rxe6 ({Better is} 26... Nxe6 $19 27. Bc3 Qc4) 27. Raxa3 $15 Rxa3 (27... Qxb4 $2 {is the wrong capture.} 28. Rxa8+ Kf7 29. Qd1 Rxe4 30. Qh5+ g6 31. Qxg6+ (31. Rxg6 Ke7 $18) 31... Ke7 32. Qxh6 $18) 28. Bxa3 Nxe4 29. Re3 Qd5 30. Rd3 Qc6 31. Rd8+ (31. Qxc6 bxc6 32. Rd8+ Kh7 33. Bf8) 31... Kh7 32. Qd3 (32. Qxc6 {simplifies} bxc6 33. Bf8 Nc3 34. Rd7) 32... Qc3 (32... Qb6 $15 33. Qd4 Qxd4 34. Rxd4 Re8) 33. Qxc3 $11 Nxc3 {[%emt 0:00:00][%mdl 4096] Endgame KRB-KRN. Black is a pawn up.} 34. Rd7 b5 35. Rb7 Kg8 36. Bb4 Ne2+ 37. Kh2 Nd4 38. Bc5 Nc6 39. f4 Re4 40. Rb6 {[%emt 0:00:03] [#]} (40. Kg3 $11) 40... Rxf4 $1 $15 41. Rxc6 {[%emt 0:00:03] Hoping for Rb6. KRB-KR} (41. Kg3 Rc4) 41... Rc4 42. Rc7 b4 43. Rb7 Rxc5 44. Rxb4 {[%emt 0:00:01] KR-KR. Black is a pawn up.} Kh7 45. Ra4 h5 46. Rb4 g5 47. Ra4 Kg6 48. Rb4 Rc6 49. Ra4 {[%emt 0:00:01] [#]} (49. h4 $15) 49... f5 (49... h4 $1 $17) 50. Ra5 (50. h4 $11 {keeps the balance.}) 50... g4 (50... h4 $17) 51. hxg4 hxg4 52. g3 Kg5 53. Kg2 Rc2+ 54. Kg1 Rd2 55. Rb5 Rd6 56. Kg2 Kf6 57. Ra5 Ke6 58. Rb5 Rd2+ 59. Kg1 Rd5 60. Rb4 Ke5 61. Kf2 Rd2+ 62. Kf1 Rd4 63. Rb3 Ke4 64. Ke2 {[%emt 0:00:01] Prevents Rd3} Ra4 65. Re3+ Kd4 {[%emt 0:00:00] ( -> ...Ra2+)} 66. Rd3+ Ke5 67. Rd2 f4 (67... Ra3 $5 68. Kf2 $8 Kf6 $11) 68. gxf4+ {[%emt 0:00:06] The position is equal.} Rxf4 69. Rd3 {[%emt 0:00:01] Dodges Rf3} Kf5 70. Rd5+ Kf6 71. Ke3 Rf1 {[%emt 0:00:02] ...g3 is the strong threat.} 72. Ke2 $1 Rf3 73. Ra5 Kg6 74. Rb5 Rf6 75. Rc5 Kh6 76. Rb5 g3 77. Rb3 g2 78. Rh3+ Kg7 (78... Kg5 $5 79. Rg3+ $8 Kh4 80. Rxg2 Kh3 $11) 79. Rg3+ Rg6 80. Rxg6+ Kxg6 81. Kf2 g1=Q+ 82. Kxg1 {[%emt 0:00:00] White happily takes the draw.   Weighted Error Value: White=0.23 (precise) /Black=0.22 (precise)   Missed win:     	---       	Black=1      Mistake:       	White=9     	Black=6      Inaccurate:     	White=4     	Black=5      OK:         	White=28    	Black=18     Best:        	White=7     	Black=4      Strong:       	White=1     	Black=1} 1/2-1/2